 Dungeon Crawl Stone Soup version 0.26-a0-1033-gd598b01645 (webtiles) character file.

Game seed: 11346056595548611160

53 Frask the Skirmisher (level 3, -4/34 HPs)
             Began as a Hill Orc Monk on Dec 11, 2020.
             Killed from afar by a white imp (11 damage)
             ... with a puff of frost
             ... summoned by Natasha
             ... on level 2 of the Dungeon.
             The game lasted 00:06:50 (1788 turns).

Frask the Skirmisher (Hill Orc Monk)                Turns: 1788, Time: 00:06:51

Health: -4/34      AC:  2    Str: 13    XL:     3   Next: 87%
Magic:  3/3        EV: 13    Int: 16    God:
Gold:   78         SH:  0    Dex: 14    Spells: 2/2 levels left

rFire    . . .     SeeInvis +   a - +0 hand axe
rCold    . . .     Faith    .   (no shield)
rNeg     . . .     Spirit   .   k - +0 robe
rPois    .         Reflect  .   (no helmet)
rElec    .         Harm     .   (no cloak)
rCorr    .         Rampage  .   (no gloves)
Will     .....                  (no boots)
Stlth    ++........             (no amulet)
HPRegen  0.11/turn              g - ring of see invisible
MPRegen  0.08/turn              f - +6 ring of intelligence

@: no status effects
A: no striking features
a: no special abilities


You were on level 2 of the Dungeon.
You visited 1 branch of the dungeon, and saw 2 of its levels.

You collected 78 gold pieces.

Inventory:

Hand Weapons
 a - a +0 hand axe (weapon)
Armour
 e - a +1 leather armour of cold resistance
 k - a +0 robe (worn)
Jewellery
 b - an uncursed amulet of inaccuracy
 f - a +6 ring of intelligence (right hand)
 g - a ring of see invisible (left hand)
Scrolls
 d - a scroll of identify


   Skills:
 * Level 4.4 Fighting
 * Level 4.1 Axes
 - Level 3.0 Dodging
 + Level 2.2 Stealth


You had 2 spell levels left.
You didn't know any spells.
Your spell library was empty.

Dungeon Overview and Level Annotations

Branches:
Dungeon (1/15)

Altars:
Ashenzari
Dithmenos
Qazlal
Sif Muna
Trog

Annotations:
D:2 Natasha


Message History

You finish taking off your amulet of inaccuracy.
As you read the scroll labelled PEIPRAGUNU, it crumbles to dust.
It is a scroll of amnesia.
You feel forgetful for a moment. Natasha claws you.
The white imp closely misses you. The goblin closely misses you.
You closely miss Natasha. You hit the white imp but do no damage.
You hit the goblin.
You kill the goblin!
Natasha barely misses you.
The white imp summons a swarm of flies.
The white imp hits you. The white imp freezes you.
* * * LOW HITPOINT WARNING * * *
You barely miss Natasha. You hit the white imp but do no damage.
Natasha barely misses you. The white imp misses you.
You closely miss Natasha. You closely miss the white imp. Natasha misses you.
The white imp closely misses you.
You barely miss Natasha. You hit the white imp. Natasha closely misses you.
The white imp gestures at you. The puff of frost hits you!
You die...

.# #######'##
#........# ######
#........# ......
#........# .#####
#........## .....
.. #..h.......
.#### ####.###
#@....... .#
....#.###5##.####
.# #..#.....# .#
#..#.###.# .#
#........# .#
#####....###.## ##
#......_........ ..
#............#[#
...##............##


You could see Natasha and a white imp (summoned).

Vanquished Creatures
  Natasha (D:2)
  4 dart slugs
  2 giant cockroaches (D:1)
  3 goblins
  A hobgoblin (D:2)
  3 bats
  2 frilled lizards (D:2)
  A kobold (D:2)
  4 rats
21 creatures vanquished.

Notes
Turn   | Place    | Note
-------+----------+-------------------------------------------
     0 | D:1      | Frask the Hill Orc Monk began the quest for the Orb.
     0 | D:1      | Reached XP level 1. HP: 19/19 MP: 1/1
   533 | D:1      | Reached XP level 2. HP: 21/27 MP: 2/2
   753 | D:1      | You fall into a shaft and drop 1 floor!
   918 | D:2      | Noticed Natasha
   931 | D:2      | Killed Natasha
   932 | D:2      | Reached XP level 3. HP: 11/33 MP: 3/3
  1629 | D:2      | Found a stormy altar of Qazlal.
  1630 | D:2      | Found a shimmering blue altar of Sif Muna.
  1631 | D:2      | Found a broken altar of Ashenzari.
  1632 | D:2      | Found a shadowy altar of Dithmenos.
  1657 | D:2      | Found a bloodstained altar of Trog.
  1774 | D:2      | Noticed Natasha
  1788 | D:2      | Killed from afar by a white imp

Illustrated notes

Levels and vault maps discovered:
D:1:      onia_arrival_mini_maze_b, layout_basic
D:2:      layout_basic, chequers_temple_overflow_statue_of_worship, bloody_trog,
          minmay_octomino_e4, uniq_terence, uniq_sigmund, uniq_natasha

Skill      XL: |  1  2  3 |
---------------+----------+-----
Fighting       | 4 |  4.4
Stealth        | 2 |  2.2
Dodging        | 3 |  3.0
Axes           | |  4.1

Action                   || total
-------------------------++-------
Melee: Hand axe          ||   111
  Use: Scroll            ||     6
       Potion            ||     2
 Stab: Sleeping          ||     3
Armor: Robe              ||    20
Dodge: Dodged            ||   102

Table legend: (Time is in decaauts)
 A = Elapsed time spent in this place.
 B = Non-inter-level travel time spent in this place.
 C = Inter-level travel time spent in this place.
 D = Time resting spent in this place.
 E = Time spent auto-exploring this place.
 F = Levels seen in this place.
 G = Mean time per level.
                   A        B        C        D        E       F      G
               +--------+--------+--------+--------+--------+-----+--------+
         Total |   1805 |   1805 |      0 |    228 |   1274 |   2 |  902.5 |
       Dungeon |   1805 |   1805 |      0 |    228 |   1274 |   2 |  902.5 |
               +--------+--------+--------+--------+--------+-----+--------+

Top non-repeatable levels by time:
     D:2: 1050 daAuts
     D:1: 755 daAuts
